 Dungeon Crawl Stone Soup version 0.19.1 (webtiles) character file.

256 HeyBub the Covered (level 5, -6/47 HPs)
             Began as a Minotaur Fighter on Dec 5, 2016.
             Mangled by Menkaure (18 damage)
             ... on level 4 of the Dungeon.
             The game lasted 00:03:53 (2340 turns).

HeyBub the Covered (Minotaur Fighter)               Turns: 2340, Time: 00:03:55

Health: -6/47      AC:  8    Str: 21    XL:     5   Next: 92%
Magic:  0/4        EV:  8    Int:  5    God:
Gold:   170        SH: 10    Dex: 10    Spells: 0 memorised, 4 levels left

rFire  . . .     SeeInvis .     a - +1 flail
rCold  . . .     Gourm    .     b - +0 scale mail
rNeg   . . .     Faith    .     c - +1 shield
rPois  .         Spirit   +     (helmet restricted)
rElec  .         Reflect  .     r - +0 cloak
rCorr  .         Harm     .     (no gloves)
MR     .....                    (no boots)
Stlth  ..........               i - amulet of guardian spirit
                                (no ring)
                                (no ring)

@: no status effects
A: retaliatory headbutt, horns 2
a: no special abilities


You were on level 4 of the Dungeon.
You were not hungry.

You visited 1 branch of the dungeon, and saw 4 of its levels.

You collected 170 gold pieces.

Inventory:

Hand Weapons
 a - a +1 flail (weapon)
Armour
 b - a +0 scale mail (worn)
 c - a +1 shield (worn)
 d - a +2 robe of fire resistance
 r - a +0 cloak (worn)
Jewellery
 i - an amulet of guardian spirit (around neck)
Wands
 k - a wand of slowing (18/48)
Scrolls
 o - 2 scrolls of remove curse
 p - a scroll of noise {unknown}
 u - a scroll of fog {unknown}
 v - a scroll of teleportation {unknown}
Potions
 e - a potion of agility {unknown}
 g - 2 potions of resistance {unknown}
 h - 3 potions of curing
 l - a potion of cure mutation {unknown}
 m - a potion of brilliance {unknown}
 q - a potion of berserk rage {unknown}
 t - a potion of haste {unknown}
Books
 s - a book of Cantrips

   Spells                             Type                      Level
   a - Confusing Touch                Hexes                        1
   b - Animate Skeleton               Necromancy                   1
   c - Summon Small Mammal            Summoning                    1
   d - Apportation                    Translocation                1
Comestibles
 f - 3 bread rations
 j - 3 fruits
 n - a beef jerky
 w - a meat ration


   Skills:
 + Level 4.7 Fighting
 + Level 4.6 Maces & Flails
 + Level 5.3 Armour
 + Level 0.9 Dodging
 + Level 0.5 Stealth
 + Level 4.4 Shields


You had 4 spell levels left.
You didn't know any spells.

Dungeon Overview and Level Annotations

Branches:
Dungeon (4/15)
 Temple: D:4-7

Altars:

Annotations:
D:4 1 runed door, Menkaure


Innate Abilities, Weirdness & Mutations

You reflexively headbutt those who attack you in melee.
You have a pair of horns on your head.


Message History

Menkaure seems to speed up.
You hit Menkaure. Your headbutt misses Menkaure.
Menkaure is moderately damaged.
Menkaure mumbles some strange words.
Menkaure closely misses you. You furiously retaliate!
You headbutt Menkaure, but do no damage.
You feel better. Menkaure hits you!
You feel better.
Menkaure calls on the powers of darkness!
Your body is wracked with pain!
* * * LOW HITPOINT WARNING * * *
You feel better. Menkaure hits you.
* * * LOW HITPOINT WARNING * * *
You hit Menkaure.
Menkaure is heavily damaged.
Menkaure gestures at you while chanting.
Pain shoots through your body!
* * * LOW HITPOINT WARNING * * *
Menkaure hits you!!
You die...

#.#.#........#...#
#.#.#.#.####.#...#
#
#.#.#..........###
#.#.....#.##...#..
#.#.###.#.##...#.#
#.#. #...##......
#.# ###.........
#.# #........##
#@# ######.#...
#M# .........###
#.# ###########.
#.# #. #.# #### #.
#.# ... #. #..
#.####. ..?
#..(... #####..


You could see Menkaure.

Vanquished Creatures
  Blork the orc (D:4)
  A water moccasin skeleton (D:4)
  A howler monkey (D:4)
  Ijyb (D:2)
  A gnoll (D:1)
  2 adders (D:2)
  2 leopard geckos
  4 bats
  3 giant cockroaches
  6 goblins
  6 hobgoblins
  2 jackals (D:2)
  A quokka (D:3)
  A ball python (D:1)
  3 frilled lizards
  7 kobolds
  6 rats
48 creatures vanquished.

Notes
Turn   | Place    | Note
-------+----------+-------------------------------------------
     0 | D:1      | HeyBub the Minotaur Fighter began the quest for the Orb.
     0 | D:1      | Reached XP level 1. HP: 19/19 MP: 0/0
   250 | D:1      | Reached XP level 2. HP: 5/27 MP: 1/1
   942 | D:2      | Reached skill level 4 in Armour
   945 | D:2      | Reached XP level 3. HP: 33/33 MP: 0/2
   988 | D:2      | Noticed Ijyb
  1018 | D:2      | Killed Ijyb
  1076 | D:2      | Reached XP level 4. HP: 41/41 MP: 3/3
  1892 | D:4      | Noticed Blork the orc
  1908 | D:4      | Killed Blork the orc
  1908 | D:4      | Reached XP level 5. HP: 11/47 MP: 1/4
  2163 | D:4      | Found a runed door.
  2229 | D:4      | Reached skill level 5 in Armour
  2330 | D:4      | Noticed Menkaure
  2340 | D:4      | Mangled by Menkaure

Skill      XL: |  1  2  3  4  5 |
---------------+----------------+-----
Fighting       | 4 |  4.7
Maces & Flails | 3 4 |  4.6
Armour         | 4 5 |  5.3
Shields        | 4 |  4.4
Dodging        | |  0.9
Stealth        | |  0.5

Action                   |  1- 3 |  4- 6 || total
-------------------------+-------+-------++-------
Melee: Flail             |    51 |    63 ||   114
       Headbutt          |     7 |    10 ||    17
  Use: Scroll            |     4 |     4 ||     8
       Potion            |       |     4 ||     4
  Eat: Meat ration       |       |     1 ||     1
Armor: Scale mail        |    34 |    17 ||    51
Dodge: Dodged            |    23 |    21 ||    44
Block: Shield            |    39 |    31 ||    70
